[Event "Titled Tuesday Blitz November 08 Early 2022"]
[White "Salinas Herrera, Pablo"]
[Black "Schmidt, Tobias"]
[WhiteFideId "3407128"]
[BlackFideId "1271683"]
[WhiteElo "2557"]
[BlackElo "2328"]
[Result "1-0"]
[Round "01"]
[TimeControl "180+1"]
[Date "2022.11.09"]
[WhiteClock "0:01:54"]
[BlackClock "0:00:18"]

1. d4 b6 2. e4 Bb7 3. Bd3 f5 4. Nc3 Nf6 5. Qe2 fxe4 6. Nxe4 e6 7. Nf3 Be7 8. Bg5 O-O 9. Bxf6 Bxf6 10. c3 Nc6 11. h4 e5 12. Neg5 h6 13. Qe4 Bxg5 14. Qh7+ Kf7 15. hxg5 exd4 16. Rxh6 Qe7+ 17. Kf1 d5 18. Qg6+ Kg8 19. Rh8+ 1-0


[Site "https://www.chess.com"]

[Event "Titled Tuesday Blitz November 08 Early 2022"]
[White "Samadov, Read"]
[Black "Guliev, Logman"]
[WhiteFideId "13417444"]
[BlackFideId "13400061"]
[WhiteElo "2355"]
[BlackElo "2161"]
[Result "1-0"]
[Round "01"]
[TimeControl "180+1"]
[Date "2022.11.09"]
[WhiteClock "0:00:13"]
[BlackClock "0:00:22"]

1. d4 Nf6 2. c4 e6 3. Nf3 Bb4+ 4. Nbd2 b6 5. a3 Bxd2+ 6. Qxd2 Bb7 7. e3 O-O 8. Be2 d6 9. b4 Nbd7 10. Bb2 c5 11. dxc5 dxc5 12. O-O Qe7 13. Rfd1 Rfd8 14. Qc3 Nf8 15. b5 Ng6 16. a4 Rxd1+ 17. Rxd1 Rd8 18. Rxd8+ Qxd8 19. h3 h6 20. Qd3 Qxd3 21. Bxd3 Be4 22. Ne1 Bxd3 23. Nxd3 Ne4 24. Be5 Nd2 25. Bb8 Nxc4 26. Bxa7 Ne7 27. a5 bxa5 28. Bxc5 Nd5 29. Kf1 a4 30. e4 Nd2+ 31. Ke1 Nxe4 32. Bd4 a3 33. b6 Nd6 34. Kd1 a2 35. Nc1 Nxb6 36. Nxa2 Nf5 37. Bxb6 Nh4 38. g3 Nf5 39. Ke2 g5 40. Nc3 Kg7 41. Ne4 Kg6 42. Kf3 h5 43. Bc5 Nh6 44. Be7 g4+ 45. hxg4 hxg4+ 46. Kf4 f5 47. Nc5 Kf7 48. Bg5 Ng8 49. Ke5 Kg6 50. Nxe6 1-0


[Site "https://www.chess.com"]

[Event "Titled Tuesday Blitz November 08 Early 2022"]
[White "Samaganova, Aleksandra"]
[Black "Tasev, Dejan"]
[WhiteFideId "13800221"]
[BlackFideId "936618"]
[WhiteElo "1864"]
[BlackElo "2256"]
[Result "0-1"]
[Round "01"]
[TimeControl "180+1"]
[Date "2022.11.09"]
[WhiteClock "0:00:02"]
[BlackClock "0:01:12"]

1. c4 Nf6 2. Nc3 g6 3. g3 Bg7 4. Bg2 O-O 5. e3 d6 6. Nge2 c5 7. O-O Nc6 8. a3 Bd7 9. h3 Rc8 10. Rb1 a6 11. b4 cxb4 12. axb4 Ne5 13. d3 b5 14. f4 Nc6 15. cxb5 axb5 16. Nxb5 Qb6 17. Nbd4 Nxd4 18. Nxd4 e5 19. fxe5 dxe5 20. Nf3 e4 21. Nd4 Nd5 22. Bd2 Bxd4 23. exd4 Qxd4+ 24. Kh2 e3 25. Be1 Nc3 26. Bxc3 Rxc3 27. Re1 Rxd3 28. Qf3 Bf5 29. b5 Rd2 30. Kh1 Rxg2 31. Qxg2 Be4 0-1


[Site "https://www.chess.com"]

[Event "Titled Tuesday Blitz November 08 Early 2022"]
[White "Samunenkov, Ihor"]
[Black "Fiedorek, Michal"]
[WhiteFideId "14187086"]
[BlackFideId "1199528"]
[WhiteElo "2441"]
[BlackElo "2201"]
[Result "1-0"]
[Round "01"]
[TimeControl "180+1"]
[Date "2022.11.09"]
[WhiteClock "0:00:18"]
[BlackClock "0:00:03"]

1. d4 d5 2. c4 e6 3. Nc3 c5 4. cxd5 exd5 5. Nf3 Nc6 6. Bg5 Be7 7. Bxe7 Ngxe7 8. dxc5 O-O 9. e3 Qa5 10. Bb5 a6 11. Bxc6 bxc6 12. O-O Qxc5 13. Rc1 Qa7 14. Na4 Bg4 15. h3 Bh5 16. g4 Bg6 17. Ne5 Rfd8 18. Nc5 Rab8 19. Qd4 a5 20. h4 Rb4 21. Qd2 h5 22. a3 Rbb8 23. gxh5 Bxh5 24. Kh1 Nf5 25. e4 Qe7 26. Qf4 Qxh4+ 27. Qxh4 Nxh4 28. Nxc6 Rbc8 29. Ne7+ Kf8 30. Nxc8 Rxc8 31. Nd7+ 1-0


[Site "https://www.chess.com"]

[Event "Titled Tuesday Blitz November 08 Early 2022"]
[White "Santos Flores, Alberto"]
[Black "Svane, Rasmus"]
[WhiteFideId "3601234"]
[BlackFideId "4657101"]
[WhiteElo "2235"]
[BlackElo "2674"]
[Result "0-1"]
[Round "01"]
[TimeControl "180+1"]
[Date "2022.11.08"]
[WhiteClock "0:00:01"]
[BlackClock "0:01:10"]

1. d4 d5 2. Bf4 e6 3. e3 Bd6 4. Bg3 Nf6 5. Nd2 O-O 6. Ngf3 c5 7. c3 Qc7 8. Bd3 Nbd7 9. Qe2 e5 10. dxe5 Nxe5 11. Nxe5 Bxe5 12. O-O Bxg3 13. hxg3 Bg4 14. Nf3 Rad8 15. c4 d4 16. exd4 Rxd4 17. Qc2 Bxf3 18. gxf3 h5 19. Kg2 Rfd8 20. Rfd1 h4 21. Be4 hxg3 22. fxg3 Nh5 23. f4 Nxf4+ 24. gxf4 Qxf4 25. Bd5 Qg5+ 26. Kf2 Qh4+ 27. Kf1 Qf6+ 28. Kg1 R8xd5 0-1


[Site "https://www.chess.com"]

[Event "Titled Tuesday Blitz November 08 Early 2022"]
[White "Sarana, Alexey"]
[Black "Goltseva, Ekaterina"]
[WhiteFideId "24133795"]
[BlackFideId "24173770"]
[WhiteElo "2708"]
[BlackElo "2200"]
[Result "0-1"]
[Round "01"]
[TimeControl "180+1"]
[Date "2022.11.08"]
[WhiteClock "0:00:12"]
[BlackClock "0:00:08"]

1. c4 Nf6 2. Nc3 c5 3. Nf3 e6 4. g3 d5 5. cxd5 Nxd5 6. Bg2 Nc6 7. O-O Be7 8. e4 Ndb4 9. h4 h6 10. b3 O-O 11. Ba3 Nd3 12. Qe2 b6 13. Qe3 Ba6 14. Rfd1 Rc8 15. Bf1 Rc7 16. Ne2 Rd7 17. Nf4 Bf6 18. e5 Ncxe5 19. Rab1 Nxf3+ 20. Qxf3 Ne5 21. Qe4 Bb7 22. Qe3 Nf3+ 23. Kh1 Nxd2+ 24. Bg2 Nxb1 25. Rxb1 Rd1+ 26. Rxd1 Qxd1+ 27. Kh2 Bxg2 28. Kxg2 Qd4 29. Qf3 Rd8 30. Bc1 e5 31. Be3 e4 32. Qg4 Qe5 33. Nh5 Rd5 34. Qc8+ Kh7 35. Nf4 Rd8 36. Qb7 Qe7 37. Qc6 Bd4 38. Bc1 e3 39. fxe3 Bxe3 40. Ba3 Bxf4 41. gxf4 Rd2+ 42. Kf3 Qe2+ 43. Kg3 Qf2+ 44. Kg4 Qg2+ 45. Qxg2 Rxg2+ 46. Kf5 Rxa2 47. Bc1 b5 48. Ke4 a5 49. h5 Rc2 50. Be3 a4 51. bxa4 bxa4 52. Bxc5 Rxc5 0-1


[Site "https://www.chess.com"]

[Event "Titled Tuesday Blitz November 08 Early 2022"]
[White "Saravana, Krishnan P."]
[Black "Anton Guijarro, David"]
[WhiteFideId "5018382"]
[BlackFideId "2285525"]
[WhiteElo "2155"]
[BlackElo "2579"]
[Result "0-1"]
[Round "01"]
[TimeControl "180+1"]
[Date "2022.11.08"]
[WhiteClock "0:00:07"]
[BlackClock "0:00:19"]

1. e4 c6 2. Nf3 d5 3. exd5 cxd5 4. Ne5 Nc6 5. Bb5 Bd7 6. Nxd7 Qxd7 7. d4 a6 8. Be2 Nf6 9. c3 e6 10. Bf4 Bd6 11. Bxd6 Qxd6 12. Nd2 O-O 13. O-O Rfc8 14. Bd3 b5 15. Re1 b4 16. Nf3 bxc3 17. bxc3 Qa3 18. Re3 Qa5 19. Ne5 h6 20. Rg3 Qd8 21. Rc1 Rc7 22. Qd2 Kf8 23. Re1 a5 24. Rf3 Nxe5 25. dxe5 Ne4 26. Qf4 Nxc3 27. h4 Raa7 28. Bg6 Rc4 29. Qe3 d4 30. Qd3 Rc5 31. Bh5 Qxh4 32. Qh7 Ne2+ 33. Kf1 Nf4 34. Qh8+ Ke7 35. Rxf4 Qxf4 36. Qxg7 Rc2 37. Re2 d3 38. Rxc2 dxc2 0-1


[Site "https://www.chess.com"]

[Event "Titled Tuesday Blitz November 08 Early 2022"]
[White "Sarkar, Justin"]
[Black "Fernandez Guillen, Ernesto J."]
[WhiteFideId "2010011"]
[BlackFideId "3512428"]
[WhiteElo "2239"]
[BlackElo "2450"]
[Result "0-1"]
[Round "01"]
[TimeControl "180+1"]
[Date "2022.11.09"]
[WhiteClock "0:00:01"]
[BlackClock "0:02:00"]

1. e4 e5 2. Nf3 Nc6 3. Bb5 f5 4. d3 fxe4 5. dxe4 Nf6 6. O-O d6 7. Nc3 Bg4 8. h3 Bh5 9. Qd3 Be7 10. Ng5 Qd7 11. Qc4 a6 12. Bxc6 bxc6 13. Be3 h6 14. Ne6 Bf7 15. Nxg7+ Kf8 16. Qe2 Kxg7 17. f4 Rhg8 18. fxe5 dxe5 0-1


[Site "https://www.chess.com"]

[Event "Titled Tuesday Blitz November 08 Early 2022"]
[White "Savic, Miomir"]
[Black "Gabrielian, Artur"]
[WhiteFideId "934550"]
[BlackFideId "4131002"]
[WhiteElo "2122"]
[BlackElo "2432"]
[Result "0-1"]
[Round "01"]
[TimeControl "180+1"]
[Date "2022.11.09"]
[WhiteClock "0:00:38"]
[BlackClock "0:00:21"]

1. d4 Nf6 2. Bg5 g6 3. Bxf6 exf6 4. e3 d5 5. Nd2 Bd6 6. Bd3 O-O 7. Ne2 f5 8. c4 dxc4 9. Nxc4 Bb4+ 10. Nc3 Nd7 11. a3 Be7 12. O-O Nf6 13. Qc2 Be6 14. Rad1 c6 15. Rfe1 Qc7 16. b4 Ng4 17. g3 Rfd8 18. Be2 Nf6 19. Ne5 h5 20. h4 a5 21. Rb1 axb4 22. axb4 Kg7 23. Rec1 Bd6 24. Nf3 Bxg3 25. Kg2 Bxf2 26. Kxf2 Ng4+ 27. Ke1 Nxe3 28. Qd3 Qg3+ 29. Kd2 Nc4+ 30. Kd1 Ra3 31. Kc2 Qf4 32. Ra1 Rda8 33. Rxa3 Nxa3+ 34. Kd1 Bb3+ 35. Ke1 Qxc1+ 36. Kf2 Bc4 37. Qd2 Qxd2 38. Nxd2 Bxe2 39. Kxe2 Nb5 40. Nd1 Nxd4+ 41. Kd3 Ne6 42. Nf3 Rd8+ 43. Kc2 Nd4+ 44. Nxd4 Rxd4 45. Ne3 Rxh4 46. Kc3 Rh3 47. Kd4 Rxe3 48. Kxe3 Kf6 49. Kf4 b5 50. Ke3 Ke5 51. Kd3 f4 52. Ke2 h4 53. Kf3 g5 54. Kg4 Ke4 55. Kxg5 f3 0-1


[Site "https://www.chess.com"]

[Event "Titled Tuesday Blitz November 08 Early 2022"]
[White "Schrik, Rachid"]
[Black "Beerdsen, Thomas"]
[WhiteFideId "1009818"]
[BlackFideId "1030108"]
[WhiteElo "2098"]
[BlackElo "2567"]
[Result "1-0"]
[Round "01"]
[TimeControl "180+1"]
[Date "2022.11.09"]
[WhiteClock "0:00:14"]
[BlackClock "0:00:09"]

1. d4 d5 2. c4 Nc6 3. Nf3 Bg4 4. cxd5 Bxf3 5. dxc6 Bxc6 6. Nc3 Nf6 7. f3 e5 8. dxe5 Nd7 9. e6 fxe6 10. e4 Bc5 11. Bc4 Ne5 12. Qxd8+ Rxd8 13. Bxe6 Nd3+ 14. Ke2 Bb4 15. Bd5 Bxc3 16. Bxc6+ bxc6 17. bxc3 c5 18. c4 Ne5 19. Be3 Kf7 20. Rhd1 c6 21. Bxc5 Nxc4 22. Bxa7 Ke6 23. Bd4 Ra8 24. a4 Ra5 25. Rdc1 Nd6 26. Rxc6 Kd7 27. Rc2 Rha8 28. Bxg7 Rg5 29. Bd4 Rxg2+ 30. Bf2 Rf8 31. Rd1 Ke7 32. Kf1 Rxh2 33. Rxd6 Rxf2+ 34. Kxf2 Kxd6 35. Rb2 Ra8 36. Rb6+ Ke5 37. Rh6 Ra7 38. Rh5+ Kd4 39. Rd5+ Kc4 40. a5 Rb7 41. Kg3 Rb1 42. Rh5 Rg1+ 43. Kf4 Rg7 44. e5 Kd5 45. Rh6 Rf7+ 46. Rf6 Ra7 47. Rd6+ Kc5 48. a6 Rf7+ 49. Rf6 Rg7 50. Kf5 h5 51. f4 Rh7 52. Rg6 h4 53. Rg2 Kd4 54. Rh2 Ke3 55. e6 Kf3 56. Kf6 Kg3 57. Rh1 Kg2 58. Ra1 h3 59. f5 h2 60. Ra2+ Kf3 61. Rxh2 Rxh2 62. e7 Rh6+ 63. Kf7 Kf4 64. f6 Kf5 65. e8=Q Rxf6+ 66. Kg7 Rxa6 67. Qc8+ Re6 68. Kf7 1-0


[Site "https://www.chess.com"]

[Event "Titled Tuesday Blitz November 08 Early 2022"]
[White "Sernecki, Franciszek"]
[Black "Kopylov, Alexander A."]
[WhiteFideId "1169297"]
[BlackFideId "4164857"]
[WhiteElo "2210"]
[BlackElo "2436"]
[Result "0-1"]
[Round "01"]
[TimeControl "180+1"]
[Date "2022.11.09"]
[WhiteClock "0:00:48"]
[BlackClock "0:01:44"]

1. c4 Nf6 2. Nc3 e5 3. e4 Be7 4. g3 O-O 5. Bg2 c6 6. Nge2 d6 7. O-O a6 8. a4 a5 9. d3 Na6 10. h3 Nd7 11. f4 Bf6 12. f5 Ndc5 13. g4 Nb4 14. Rf3 Bd7 15. Be3 Ncxd3 16. b3 Nc5 17. Qxd6 Be7 18. Qd1 b6 19. Nc1 f6 20. N1a2 Be8 21. Rf1 Bf7 22. Kf2 Qc7 23. Rb1 Rad8 24. Qe2 Rd3 25. Rfd1 Rfd8 26. Rxd3 Rxd3 27. Rd1 Qd7 28. Nxb4 axb4 29. Rxd3 Nxd3+ 30. Kf3 bxc3 31. Bxb6 c2 0-1


[Site "https://www.chess.com"]

[Event "Titled Tuesday Blitz November 08 Early 2022"]
[White "Shuvalov, Evgenij"]
[Black "Swiercz, Dariusz"]
[WhiteFideId "4187237"]
[BlackFideId "1126881"]
[WhiteElo "2049"]
[BlackElo "2627"]
[Result "1/2-1/2"]
[Round "01"]
[TimeControl "180+1"]
[Date "2022.11.08"]
[WhiteClock "0:00:22"]
[BlackClock "0:00:10"]

1. d4 Nf6 2. c4 g6 3. Nc3 Bg7 4. e4 d6 5. Nf3 O-O 6. Be2 Na6 7. O-O e5 8. Be3 c6 9. d5 Ng4 10. Bg5 f6 11. Bh4 c5 12. h3 Nh6 13. g4 Nf7 14. Ne1 Bh6 15. Ng2 Bd7 16. a3 Bf4 17. Bg3 g5 18. Ne3 Nc7 19. Nf5 Ne8 20. Kg2 b6 21. Rh1 Kh8 22. h4 Rg8 23. h5 h6 24. a4 Rb8 25. Bd3 a6 26. Qe2 Nc7 27. Rhb1 Re8 28. b4 cxb4 29. Rxb4 a5 30. Rb3 Na6 31. Nb5 Bxf5 32. exf5 Nc5 33. Rbb1 Re7 34. Be4 Rc8 35. Ra3 Kg7 36. f3 Bxg3 37. Kxg3 Rb7 38. Rc1 Qe7 39. Rc2 Nd8 40. Kg2 Ra8 41. Raa2 Rbb8 42. Ra3 Ndb7 43. Raa2 Na6 44. Rc3 Nbc5 45. Raa3 Nb4 46. Ra1 Rc8 47. Raa3 Nca6 48. Ra1 Rc5 49. Rac1 Nc7 50. Qd2 Qd7 51. Kg3 Rc8 52. Na7 Ra8 53. Nb5 Qd8 54. Kg2 Kf7 55. Kg3 Ke7 56. Kg2 Qb8 57. Kg3 Qb7 58. Kg2 Rc8 59. Kg3 Kd7 60. Kg2 Nxb5 61. cxb5 Rxc3 62. Rxc3 Rxc3 63. Qxc3 Qc7 64. Qxc7+ Kxc7 65. Kf2 Na2 66. Bc2 e4 67. fxe4 Nb4 68. Bb1 Kd7 69. Ke3 Ke7 70. Kd4 Kd7 71. Kc4 Ke7 72. Kc3 Kd7 73. Kc4 Ke7 74. Kc3 Kd8 75. Kc4 Kd7 76. Kc3 Kc7 77. Kc4 Kd8 78. Kc3 Ke7 79. Kc4 Kf7 80. Kc3 Kf8 81. Kc4 Ke7 1/2-1/2


[Site "https://www.chess.com"]

[Event "Titled Tuesday Blitz November 08 Early 2022"]
[White "Simonovic, Miroslav"]
[Black "Vlassov, Nikolai"]
[WhiteFideId "919152"]
[BlackFideId "4103360"]
[WhiteElo "2043"]
[BlackElo "2324"]
[Result "0-1"]
[Round "01"]
[TimeControl "180+1"]
[Date "2022.11.09"]
[WhiteClock "0:00:07"]
[BlackClock "0:00:12"]

1. d4 Nf6 2. Bg5 e6 3. e4 h6 4. Bxf6 Qxf6 5. e5 Qg6 6. Nf3 d6 7. Qd3 Qxd3 8. Bxd3 Nc6 9. c3 dxe5 10. dxe5 Bd7 11. Nbd2 O-O-O 12. O-O-O Bc5 13. Ne4 Bb6 14. Bc2 Ne7 15. Rhe1 Ng6 16. g3 Bc6 17. Rxd8+ Rxd8 18. Re2 Ne7 19. Nfd2 Bb5 20. c4 Bc6 21. f4 Bd4 22. b4 a6 23. Nb3 Nf5 24. Na5 Be8 25. c5 Bb5 26. Re1 b6 27. Nb3 Bc4 28. cxb6 Bxb6 29. Nbc5 a5 30. bxa5 Bxa5 31. Rd1 Rd5 32. Bb3 Ne3 33. Rxd5 exd5 34. Nd2 Bxd2+ 35. Kxd2 Nf1+ 36. Kc3 Bxb3 37. axb3 Nxh2 38. Kd4 Nf1 39. Kxd5 Nxg3 40. e6 fxe6+ 41. Nxe6 h5 42. Nxg7 h4 43. f5 h3 44. f6 h2 45. f7 h1=Q+ 46. Ke6 Qe4+ 47. Kf6 Qf4+ 48. Ke7 Qe5+ 49. Ne6 Nf5+ 50. Kf8 Qxe6 51. Kg8 Qg6+ 52. Kf8 Qg7+ 53. Ke8 Nd6+ 54. Ke7 Qxf7# 0-1


[Site "https://www.chess.com"]

[Event "Titled Tuesday Blitz November 08 Early 2022"]
[White "Skibbe, Willi"]
[Black "Wong, Yinn Long"]
[WhiteFideId "4682190"]
[BlackFideId "5707684"]
[WhiteElo "2375"]
[BlackElo "2271"]
[Result "0-1"]
[Round "01"]
[TimeControl "180+1"]
[Date "2022.11.09"]
[WhiteClock "0:01:49"]
[BlackClock "0:01:38"]

1. d4 Nf6 2. c4 e6 3. Nf3 Nc6 4. g3 Bb4+ 5. Bd2 Qe7 6. Bg2 Bxd2+ 7. Nbxd2 O-O 8. O-O d6 9. Qc2 e5 10. dxe5 dxe5 11. Ne4 Nxe4 12. Qxe4 f5 13. Qc2 e4 14. Nd2 Be6 15. e3 Rad8 16. Rfd1 Ne5 17. Qc3 Bf7 18. Bf1 Bh5 19. Re1 Rxd2 0-1


[Site "https://www.chess.com"]

[Event "Titled Tuesday Blitz November 08 Early 2022"]
[White "Soto Hernandez, Henry"]
[Black "Saucey, Michel"]
[WhiteFideId "3507475"]
[BlackFideId "601845"]
[WhiteElo "2477"]
[BlackElo "2253"]
[Result "1/2-1/2"]
[Round "01"]
[TimeControl "180+1"]
[Date "2022.11.09"]
[WhiteClock "0:00:33"]
[BlackClock "0:00:20"]

1. d4 d5 2. c4 e6 3. Nc3 Nf6 4. Nf3 Bb4 5. e3 O-O 6. Bd3 b6 7. O-O Bb7 8. cxd5 exd5 9. a3 Bd6 10. b4 Nbd7 11. Bb2 a6 12. Qb3 Qe7 13. Rfc1 Rfe8 14. Rab1 h6 15. Ba1 b5 16. Ne2 Nb6 17. Ne5 Nc4 18. a4 c6 19. Nf3 Ne4 20. Bxe4 Qxe4 21. Ne5 Red8 22. Qd3 Qxd3 23. Nxd3 f6 24. a5 Kf7 25. Nc5 Bxc5 26. dxc5 Bc8 27. Nd4 Be6 28. Bc3 Rdc8 29. Re1 f5 30. f3 g6 31. Kf2 Ra7 32. Rbd1 Re7 33. h4 Ree8 34. Re2 Re7 35. Rde1 Bd7 36. Nb3 Rce8 37. Bd4 Bc8 38. Nc1 Bd7 39. Nd3 Bc8 40. Nf4 Bd7 41. Rh1 Bc8 42. Nd3 Bd7 43. Nb2 Nxb2 44. Bxb2 Bc8 45. Bd4 Bd7 46. Ke1 Bc8 47. Kd2 Bd7 48. Rf1 Kg8 49. Rg1 Kf7 50. Ree1 Kg8 51. g4 fxg4 52. fxg4 Rf7 53. g5 h5 54. Bf6 Bf5 55. Ref1 Re4 56. Rf4 Rf8 57. Rxe4 Bxe4 58. Rf1 Bf5 59. Rf4 Re8 60. Bd4 Re4 61. Rxe4 Bxe4 62. Ke2 Kf7 63. Kf2 Ke6 64. Kg3 Kf5 65. Bc3 Bd3 66. Bd4 Be4 67. Bc3 Bd3 68. Bd4 Be4 1/2-1/2


[Site "https://www.chess.com"]

[Event "Titled Tuesday Blitz November 08 Early 2022"]
[White "Sovetbekova, Nurai"]
[Black "Bagrationi, Alexander"]
[WhiteFideId "13801910"]
[BlackFideId "14104954"]
[WhiteElo "1925"]
[BlackElo "2398"]
[Result "0-1"]
[Round "01"]
[TimeControl "180+1"]
[Date "2022.11.09"]
[WhiteClock "0:00:05"]
[BlackClock "0:00:28"]

1. d4 Nf6 2. c4 g6 3. Nc3 Bg7 4. e4 O-O 5. Nge2 c5 6. d5 d6 7. Ng3 h5 8. Be2 h4 9. Nf1 h3 10. Ne3 hxg2 11. Nxg2 e6 12. Be3 exd5 13. cxd5 Re8 14. Qc2 a6 15. a4 Bg4 16. Nf4 Bxe2 17. Nfxe2 Nbd7 18. Bg5 Qa5 19. Bd2 Ne5 20. O-O-O b5 21. Nxb5 Qb6 22. Na3 c4 23. Be3 Qb4 24. h4 Nd3+ 25. Kb1 Nxe4 26. Bd4 Nexf2 27. Bxg7 Kxg7 28. h5 Rab8 29. Nxc4 Rxe2 30. Qxe2 Qxc4 31. h6+ Kh7 32. Rd2 Nxh1 33. Qf1 Qc1+ 34. Qxc1 Nxc1 35. Kxc1 Ng3 36. Rf2 Nf5 37. Re2 Kxh6 38. Kc2 Nd4+ 0-1


[Site "https://www.chess.com"]

[Event "Titled Tuesday Blitz November 08 Early 2022"]
[White "Sreyas Payyappat"]
[Black "Ernst, Sipke"]
[WhiteFideId "46674969"]
[BlackFideId "1004689"]
[WhiteElo "2083"]
[BlackElo "2436"]
[Result "0-1"]
[Round "01"]
[TimeControl "180+1"]
[Date "2022.11.09"]
[WhiteClock "0:00:43"]
[BlackClock "0:02:03"]

1. e4 e5 2. Nf3 Nc6 3. Bc4 Bc5 4. c3 Nf6 5. d4 exd4 6. e5 d5 7. Bb5 Ne4 8. cxd4 Bb6 9. Nc3 O-O 10. Be3 Ba5 11. Qb3 Bg4 12. Bxc6 bxc6 13. O-O Rb8 14. Qc2 Rxb2 15. Qxb2 Bxc3 16. Qc2 Bxa1 17. Rxa1 Bxf3 18. gxf3 Ng5 19. Kg2 Qd7 20. Bxg5 Rb8 21. Rc1 Rb6 22. a3 h6 23. Bd2 c5 24. dxc5 Rg6+ 25. Kf1 Qb5+ 0-1


[Site "https://www.chess.com"]

[Event "Titled Tuesday Blitz November 08 Early 2022"]
[White "Storey, Charles H"]
[Black "Perez Ponsa, Federico"]
[WhiteFideId "406686"]
[BlackFideId "117927"]
[WhiteElo "2252"]
[BlackElo "2606"]
[Result "0-1"]
[Round "01"]
[TimeControl "180+1"]
[Date "2022.11.09"]
[WhiteClock "0:00:16"]
[BlackClock "0:00:31"]

1. c4 e6 2. g3 d5 3. Bg2 Nf6 4. Nf3 Be7 5. d4 O-O 6. O-O c6 7. Nc3 Nbd7 8. cxd5 exd5 9. Bg5 h6 10. Bxf6 Nxf6 11. e3 Bf5 12. a3 a5 13. Ne5 Bd6 14. Nd3 Re8 15. Rb1 a4 16. Rc1 Qb6 17. Qd2 Qa6 18. Rfd1 h5 19. Bf1 Qb6 20. Qc2 h4 21. Nxa4 Qc7 22. Nc3 hxg3 23. hxg3 Ng4 24. Nxd5 Qd8 25. N5f4 Qg5 26. Bg2 Qh6 27. Kf1 Rxe3 28. Ne5 Nh2+ 29. Kg1 Bxc2 30. fxe3 Bxd1 31. Rxd1 Bxe5 32. dxe5 Ng4 33. Rd7 Nxe5 34. Rxb7 Rd8 0-1


[Site "https://www.chess.com"]

[Event "Titled Tuesday Blitz November 08 Early 2022"]
[White "Tari, Aryan"]
[Black "Barria Santos, Jose Guilherme"]
[WhiteFideId "1510045"]
[BlackFideId "1939300"]
[WhiteElo "2612"]
[BlackElo "2273"]
[Result "1-0"]
[Round "01"]
[TimeControl "180+1"]
[Date "2022.11.09"]
[WhiteClock "0:00:43"]
[BlackClock "0:00:44"]

1. d4 Nf6 2. Nf3 g6 3. g3 Bg7 4. Bg2 d6 5. O-O O-O 6. c4 Nc6 7. Nc3 Bf5 8. Be3 Ne4 9. Nxe4 Bxe4 10. d5 Bxf3 11. exf3 Ne5 12. Rc1 c5 13. f4 Nd7 14. b3 a6 15. h4 b5 16. h5 Re8 17. hxg6 hxg6 18. f5 gxf5 19. Qh5 Nf6 20. Qxf5 Qd7 21. Qd3 Rab8 22. Rfe1 Qg4 23. Bd2 Qh5 24. f3 Qh7 25. Qxh7+ Kxh7 26. Bf1 Bh6 27. f4 Rb7 28. Bd3+ Kg7 29. Kg2 Rg8 30. Rh1 bxc4 31. Bxc4 Ne4 32. Be1 Kg6 33. Kf3 f5 34. g4 1-0


[Site "https://www.chess.com"]

[Event "Titled Tuesday Blitz November 08 Early 2022"]
[White "Tarnowska, Aleksandra"]
[Black "Averjanov, Alexey"]
[WhiteFideId "1180967"]
[BlackFideId "14109867"]
[WhiteElo "1776"]
[BlackElo "2584"]
[Result "1/2-1/2"]
[Round "01"]
[TimeControl "180+1"]
[Date "2022.11.09"]
[WhiteClock "0:02:58"]
[BlackClock "0:02:53"]

1. e4 c6 2. d4 d5 3. Nc3 dxe4 4. Nxe4 Bf5 5. Ng3 Bg6 6. h4 h6 7. h5 Bh7 8. Nf3 Nd7 9. Bd3 Bxd3 10. Qxd3 e6 1/2-1/2


[Site "https://www.chess.com"]

[Event "Titled Tuesday Blitz November 08 Early 2022"]
[White "Tate, Alan"]
[Black "Kodinets, Konstantin L."]
[WhiteFideId "2401878"]
[BlackFideId "4122011"]
[WhiteElo "2179"]
[BlackElo "2447"]
[Result "0-1"]
[Round "01"]
[TimeControl "180+1"]
[Date "2022.11.09"]
[WhiteClock "0:00:01"]
[BlackClock "0:01:33"]

1. Nf3 d6 2. d4 Nf6 3. c4 Nbd7 4. Nc3 c6 5. e4 e5 6. Be2 Be7 7. O-O O-O 8. Qc2 a6 9. Rd1 Qc7 10. Bg5 Re8 11. Rac1 h6 12. Bh4 Bf8 13. b4 Be7 14. a3 exd4 15. Nxd4 Ne5 16. h3 Bd7 17. f4 Ng6 18. Bg3 Rad8 19. Bf3 Bf8 20. Kh1 Qc8 21. Kh2 h5 22. Qd2 h4 23. Bf2 Qb8 24. Be3 b5 25. cxb5 axb5 26. Kh1 Rc8 27. Nf5 d5 0-1


[Site "https://www.chess.com"]

[Event "Titled Tuesday Blitz November 08 Early 2022"]
[White "Ter-Sahakyan, Samvel"]
[Black "Estrada Nieto, Julian"]
[WhiteFideId "13302531"]
[BlackFideId "5101018"]
[WhiteElo "2584"]
[BlackElo "2221"]
[Result "1-0"]
[Round "01"]
[TimeControl "180+1"]
[Date "2022.11.08"]
[WhiteClock "0:00:11"]
[BlackClock "0:00:01"]

1. d4 d5 2. c4 dxc4 3. e4 e5 4. Nf3 exd4 5. Bxc4 Nc6 6. O-O Be6 7. Bb5 Bc5 8. Nbd2 Ne7 9. Nb3 Bb6 10. Nbxd4 Bd7 11. Nxc6 Bxc6 12. Qb3 Bxb5 13. Qxb5+ c6 14. Qb3 O-O 15. Bf4 Ng6 16. Rad1 Qc8 17. Bd6 Re8 18. Ng5 Qd7 19. Ba3 Qc7 20. Qh3 h6 21. Rd7 Qf4 22. Nxf7 Rxe4 23. Qg3 Qxg3 24. hxg3 Re2 25. Rxb7 Rae8 26. Nd6 R8e6 27. Nf5 Rf6 28. Nxg7 Rfxf2 29. Rxf2 Rxf2 30. Kh2 Ne5 31. Ne6 h5 32. Rg7+ Kh8 33. Bd6 Ng4+ 34. Kh3 Rf1 35. Kh4 Rf6 36. Re7 Bd8 37. Nxd8 Rxd6 38. Nf7+ Kg8 39. Nxd6 Kf8 40. Rf7+ Kg8 41. Rxa7 Ne3 42. Kg5 Nxg2 43. Kf6 Ne3 44. Ra8+ Kh7 45. Nf5 1-0


[Site "https://www.chess.com"]

[Event "Titled Tuesday Blitz November 08 Early 2022"]
[White "Terry, Renato"]
[Black "Kuznetsova, Olga"]
[WhiteFideId "3803457"]
[BlackFideId "4191323"]
[WhiteElo "2577"]
[BlackElo "2134"]
[Result "1-0"]
[Round "01"]
[TimeControl "180+1"]
[Date "2022.11.08"]
[WhiteClock "0:00:46"]
[BlackClock "0:00:04"]

1. e4 e5 2. Nf3 Nf6 3. Nxe5 d6 4. Nf3 Nxe4 5. Nc3 Nxc3 6. dxc3 Be7 7. Be3 Nc6 8. Qd2 Bf5 9. O-O-O Qd7 10. Bc4 O-O 11. h3 Be6 12. Bd3 Bf5 13. g4 Bxd3 14. Qxd3 Rae8 15. g5 Bd8 16. h4 Ne5 17. Nxe5 Rxe5 18. Bd4 Rf5 19. Kb1 c5 20. Be3 Be7 21. c4 Re8 22. f4 Bf8 23. Rhe1 g6 24. Bc1 Rxe1 25. Rxe1 d5 26. Rd1 d4 27. Re1 Bd6 28. Re4 Qc7 29. Re8+ Kg7 30. h5 h6 31. hxg6 fxg6 32. gxh6+ Kxh6 33. Qh3+ Rh5 34. Rh8+ Kg7 35. Rxh5 gxh5 36. Qxh5 Qf7 37. Qg4+ Kh7 38. f5 Be5 39. b3 b6 40. Qh4+ Kg8 41. Qd8+ Kh7 42. Qh4+ Kg8 43. Qg4+ Kh7 44. a4 Bf6 45. Qh3+ Kg8 46. Qg2+ Kh7 47. Qc6 Qe7 48. Qh1+ Kg8 49. Qg2+ Kh7 50. Qg6+ Kh8 51. Bd2 Qe5 52. Kc1 d3 53. c3 Bg7 54. Qh5+ Kg8 55. Qf3 Kf7 56. Qxd3 Kf6 57. Qd8+ Kxf5 58. Qd7+ Ke4 59. Qxa7 Qf6 60. Qd7 Bh6 61. Qd5# 1-0


[Site "https://www.chess.com"]